 Dungeon Crawl Stone Soup version 0.30-a0-29-g142975f185 (webtiles) character file.

Game seed: 3657351994261343151

21487 Pilot the Blocker (level 12, 0/120 HPs)
             Began as a Troll Fighter on Aug 26, 2022.
             Was an Initiate of Gozag.
             Slain by an eight-headed hydra (11 damage)
             ... on level 2 of the Lair of Beasts.
             The game lasted 02:09:41 (14704 turns).

Pilot the Blocker (Troll Fighter)                  Turns: 14704, Time: 02:09:42

Health: 0/120      AC: 10    Str: 27    XL:     12   Next: 54%
Magic:  11/11      EV: 12    Int: 10    God:    Gozag
Gold:   1579       SH: 12    Dex: 13    Spells: 11/11 levels left

rFire   + . .      SeeInvis .    Q - +5 spear (venom)
rCold   . . .      Faith    .    b - +2 kite shield
rNeg    . . .      Spirit   .    a - +2 robe {rF+}
rPois   .          Reflect  .    (helmet restricted)
rElec   .          Harm     .    (no cloak)
rCorr   .          Rampage  .    (gloves unavailable)
Will    .....                    (boots unavailable)
Stlth   +.........               r - amulet of the acrobat
HPRegen 1.10/turn                I - +4 ring of protection
MPRegen 0.12/turn                O - +6 ring of intelligence

@: about to teleport, invisible
A: large, unfitting armour, claws 3, regeneration 1, shaggy fur 1, tough skin 1
a: Renounce Religion, Potion Petition, Call Merchant, Bribe Branch


You were on level 2 of the Lair of Beasts.
You worshipped Gozag.
Gozag was most pleased with you.
You visited 2 branches of the dungeon, and saw 14 of its levels.
You also visited: Bailey.

You collected 2635 gold pieces.
You spent 957 gold pieces at shops.
You paid 99 gold pieces to Gozag.

Inventory:

Hand Weapons
 M - a +5 mace
 Q - a +5 spear of venom (weapon)
Missiles
 l - 14 boomerangs (quivered)
 C - 2 silver javelins
 E - 29 poisoned darts
 P - 2 curare-tipped darts
 R - 2 throwing nets
 V - 4 atropa-tipped darts
Armour
 a - a +2 robe of fire resistance (worn)
 b - a +2 kite shield (worn)
 m - a +0 cloak
Jewellery
 k - a ring of protection from cold
 r - an amulet of the acrobat (around neck)
 t - a ring of protection from fire
 I - a +4 ring of protection (left claw)
 N - a ring of resist corrosion
 O - a +6 ring of intelligence (right claw)
Wands
 e - a wand of iceblast (4)
 w - a wand of paralysis (9)
 T - a wand of flame (6)
Scrolls
 f - 6 scrolls of identify
 g - 7 scrolls of teleportation
 h - a scroll of fear
 q - 5 scrolls of poison
 s - a scroll of silence
 z - a scroll of magic mapping
 D - a scroll of immolation {unknown}
 F - a scroll of noise {unknown}
 H - 2 scrolls of enchant armour
 K - a scroll of brand weapon {unknown}
 L - a scroll of fog
 S - a scroll of vulnerability {unknown}
 W - a scroll of amnesia {unknown}
Potions
 c - a potion of might
 d - a potion of resistance {unknown}
 i - a potion of flight {unknown}
 j - 4 potions of mutation
 n - a potion of haste
 o - 3 potions of attraction
 p - a potion of lignification {unknown}
 x - 4 potions of degeneration
 y - a potion of brilliance {unknown}
 A - a potion of heal wounds {unknown}
 G - a potion of ambrosia {unknown}
 J - 2 potions of invisibility
 U - a potion of berserk rage {unknown}
 X - a potion of cancellation {unknown}
 Z - a potion of magic {unknown}
Miscellaneous
 u - a condenser vane (inert)
 Y - a box of beasts


   Skills:
 + Level 8.2 Fighting
 - Level 4.2 Short Blades
 - Level 4.0 Maces & Flails
 * Level 6.5 Polearms
 + Level 8.3 Throwing
 + Level 8.2 Dodging
 + Level 9.0 Shields
 - Level 2.0 Unarmed Combat


You had 11 spell levels left.
You didn't know any spells.
Your spell library contained the following spells:

 Spells                   Type           Power      Damage    Failure   Level
 Shock                    Conj/Air       0%         1d3       58%         1
 Swiftness                Air            0%         N/A       91%         3
 Airstrike                Air            0%         2d(0-16)  100%        4


Dungeon Overview and Level Annotations

Branches:
Dungeon (12/15)            Temple (0/1) D:5            Lair (2/5) D:11
 Bailey (visited)
  Swamp: Lair:2-3    Shoals: Lair:2-3     Snake: Lair:2-3    Spider: Lair:2-3
    Orc: D:9-12

Altars:
Ashenzari
Cheibriados
Dithmenos
Fedhas
Gozag
Kikubaaqudgha
Nemelex Xobeh
Ru
Trog
Uskayaw
Wu Jian
Yredelemnul
Zin
The Shining One

Shops:
D:5 :   D:7 :(*=

Annotations:
D:12 Rupert
Lair:2 Amaemon


Innate Abilities, Weirdness & Mutations

You are too large for most types of armour.
You have claws for hands.
Your natural rate of healing is unusually fast.
You are covered in fur. (AC +1)
You have tough skin. (AC +1)


Message History

The eight-headed hydra bites you.
Clouds of noxious fumes condense around you!
The condenser dries out!
You block the water moccasin's attack.
The orange demon is engulfed in noxious fumes.
The orange demon appears confused.
Amaemon is engulfed in noxious fumes.
Amaemon appears confused.
Amaemon asks, "Where am I?"
The eight-headed hydra bites you! x3
* * * LOW HITPOINT WARNING * * *
The eight-headed hydra bites you.
* * * LOW HITPOINT WARNING * * *
You block the eight-headed hydra's attack.
The eight-headed hydra bites you but does no damage. x3
You feel better. The water moccasin closely misses you.
The orange demon is engulfed in noxious fumes.
The orange demon appears confused.
You block the water moccasin's attack.
The eight-headed hydra closely misses you.
The eight-headed hydra bites you!
* * * LOW HITPOINT WARNING * * *
You block the eight-headed hydra's attack.
The eight-headed hydra bites you!
* * * LOW HITPOINT WARNING * * *
The eight-headed hydra bites you but does no damage.
You block the eight-headed hydra's attack.
The eight-headed hydra bites you.
* * * LOW HITPOINT WARNING * * *
The eight-headed hydra closely misses you.
Amaemon is engulfed in noxious fumes.
Amaemon appears confused.
You fade into invisibility!
You block the water moccasin's attack.
The eight-headed hydra bites you but does no damage.
The eight-headed hydra completely misses you.
The eight-headed hydra closely misses you.
The eight-headed hydra bites you but does no damage.
You block the eight-headed hydra's attack.
The eight-headed hydra completely misses you.
The eight-headed hydra closely misses you.
The eight-headed hydra bites you!
You die...
Your body crumbles into a pile of gold.

#.......# #.......# ###
##......###
#.########P......#.#####
##................#..#... ###
#........................
###.####........................
#.#.........4§§§§§..............
##........§§§§§@D§..............
#.#.......§§§6§§S§..............
#.........§§§..☼§§..............
##.<...............#.......#.....
#.......#.####..####......#####.#
.......#.## #### ##....## ###
.....##### ###....# ....## ##
##.....## ....# #.# ####....##.#


You could see Amaemon (confused, unable to see you), an eight-headed hydra
(unable to see you), an orange demon (curare, confused, unable to see you) and a
water moccasin (unable to see you).

Vanquished Creatures
  A boulder beetle (D:11)
  A hydra (Lair:1)
  3 two-headed ogres
  2 vault guards (Bailey)
  2 death yaks (Lair:1)
  Nergalle (Lair:1)
  A black mamba (Lair:1)
  A torpor snail (Lair:1)
  5 cane toads (Lair:1)
  A kobold demonologist (D:10)
  A rime drake (Lair:1)
  3 komodo dragons
  A troll (D:11)
  A hornet (D:9)
  A polar bear (Lair:1)
  5 blink frogs (Lair:2)
  Prince Ribbit (Bailey)
  2 slime creatures (D:11)
  2 wraiths
  6 yaks
  3 wyverns
  A spriggan (Lair:1)
  7 humans (Bailey)
  4 basilisks
  3 steam dragons
  An acid dragon (D:11)
  9 water moccasins
  5 ice beasts
  An ogre (D:6)
  2 centaurs
  2 phantoms
  7 kobold brigands
  3 gnoll sergeants
  3 necrophages
  14 bullfrogs
  6 scorpions
  10 wights
  15 killer bees
  5 howler monkeys
  4 hounds
  5 orc priests
  2 jellies
  A gnoll bouda (D:9)
  7 iguanas
  Jessica (D:2)
  12 orc wizards
  15 gnolls
  8 adders
  A shadow imp (D:8)
  A white imp (D:5)
  A worm (D:2)
  2 dart slugs (D:2)
  25 orcs
  5 bats
  8 endoplasms
  3 giant cockroaches
  13 goblins
  3 hobgoblins
  7 jackals
  29 kobolds
  A quokka (D:3)
  10 ball pythons
  6 rats
312 creatures vanquished.

Vanquished Creatures (others)
  A steam dragon (D:9)
  A swamp drake (D:11)
  3 gnolls (D:9)
  A goblin (D:10)
  3 fungi
  7 plants
16 creatures vanquished.

Grand Total: 328 creatures vanquished

Notes
Turn   | Place    | Note
-------+----------+-------------------------------------------
     0 | D:1      | Pilot the Troll Fighter began the quest for the Orb.
     0 | D:1      | Reached XP level 1. HP: 22/22 MP: 0/0
   151 | D:1      | Reached XP level 2. HP: 27/29 MP: 1/1
   353 | D:1      | Reached skill level 3 in Shields
   845 | D:2      | Reached XP level 3. HP: 36/36 MP: 2/2
   973 | D:2      | Noticed Jessica
   977 | D:2      | Killed Jessica
  1006 | D:2      | Reached XP level 4. HP: 45/45 MP: 3/3
  1666 | D:3      | Reached skill level 1 in Throwing
  1882 | D:3      | Reached XP level 5. HP: 51/53 MP: 4/4
  1953 | D:3      | Found a large runed translucent door.
  1956 | D:3      | Found a large runed translucent door.
  1974 | D:3      | Found a sacrificial altar of Ru.
  1983 | D:3      | Found an ancient bone altar of Kikubaaqudgha.
  2315 | D:4      | Found a snail-covered altar of Cheibriados.
  2420 | D:4      | Reached skill level 1 in Short Blades
  2532 | D:4      | Reached XP level 6. HP: 40/61 MP: 5/5
  2708 | D:4      | Reached skill level 4 in Shields
  3008 | D:4      | Reached XP level 7. HP: 34/68 MP: 6/6
  3136 | D:4      | Found a shadowy altar of Dithmenos.
  3227 | D:5      | Entered Level 5 of the Dungeon
  3362 | D:5      | Found an opulent altar of Gozag.
  3370 | D:5      | Became a worshipper of Gozag Ym Sagoz the Greedy
  3512 | D:5      | Found a staircase to the Ecumenical Temple.
  3584 | D:5      | Found Serphom's Self-Improvement Boutique.
  3672 | D:5      | Found an ornate altar of the Wu Jian Council.
  3677 | D:5      | Found a basalt altar of Yredelemnul.
  3680 | D:5      | Found a blossoming altar of Fedhas.
  3680 | D:5      | Found a glowing silver altar of Zin.
  3697 | D:5      | Reached XP level 8. HP: 52/79 MP: 7/7
  3711 | D:5      | Found a glowing golden altar of the Shining One.
  3874 | D:5      | Found a bloodstained altar of Trog.
  4085 | D:5      | Reached skill level 5 in Shields
  4480 | D:6      | Found a broken altar of Ashenzari.
  4683 | D:6      | Found a hide-covered altar of Uskayaw.
  5079 | D:6      | Reached skill level 5 in Fighting
  5079 | D:6      | Reached skill level 5 in Dodging
  5493 | D:7      | Reached XP level 9. HP: 40/88 MP: 8/8
  5743 | D:7      | Found Naxko's Jewellery Emporium.
  5743 | D:7      | Found Zinlushr Zicy's Antique Weapon Emporium.
  5772 | D:7      | Found Nudd's General Store.
  5773 | D:7      | Found Niuli's Book Emporium.
  5778 | D:7      | Found a sparkling altar of Nemelex Xobeh.
  6219 | D:7      | Bought a runed war axe for 201 gold pieces
  6227 | D:7      | Bought a scroll of fog for 64 gold pieces
  6227 | D:7      | Bought a scroll of identify for 32 gold pieces
  6227 | D:7      | Bought a scroll of blinking for 120 gold pieces
  6365 | D:7      | Reached skill level 6 in Shields
  6463 | D:7      | Reached skill level 5 in Throwing
  6685 | D:8      | Reached skill level 1 in Maces & Flails
  8137 | D:9      | Reached XP level 10. HP: 70/98 MP: 9/9
  8391 | D:9      | Paralysed by a hornet for 1 turns
  8796 | D:9      | Reached skill level 7 in Shields
  9082 | D:10     | Entered Level 10 of the Dungeon
  9126 | D:10     | Found a flagged portal.
  9260 | Bailey   | Entered a bailey
  9444 | Bailey   | Reached skill level 1 in Polearms
  9468 | Bailey   | Noticed a vault guard
  9544 | Bailey   | Killed a vault guard
  9545 | Bailey   | Reached XP level 11. HP: 68/107 MP: 10/10
  9645 | Bailey   | Noticed Prince Ribbit
  9645 | Bailey   | Noticed a vault guard
  9678 | Bailey   | Killed Prince Ribbit
  9693 | Bailey   | Killed a vault guard
 10108 | D:10     | Noticed a two-headed ogre
 10132 | D:10     | Killed a two-headed ogre
 10833 | D:7      | Bought a ring of protection from fire for 300 gold pieces
 10833 | D:7      | Bought a ring of resist corrosion for 240 gold pieces
 10945 | D:11     | Noticed a two-headed ogre
 10968 | D:11     | Killed a two-headed ogre
 10969 | D:11     | Reached skill level 8 in Shields
 11198 | D:11     | Noticed a boulder beetle
 11208 | D:11     | Killed a boulder beetle
 11483 | D:11     | Found a staircase to the Lair.
 11859 | D:11     | Noticed a two-headed ogre
 11952 | D:11     | Killed a two-headed ogre
 12163 | D:12     | Noticed Rupert
 12295 | Lair:1   | Entered Level 1 of the Lair of Beasts
 12393 | Lair:1   | Reached skill level 5 in Polearms
 12396 | Lair:1   | Identified the +3 ring mail of the Elephant {+Blink Str+2}
 12522 | Lair:1   | Noticed Nergalle
 12735 | Lair:1   | Killed Nergalle
 12736 | Lair:1   | Reached XP level 12. HP: 63/114 MP: 11/11
 12772 | Lair:1   | Noticed a death yak
 13533 | Lair:1   | Noticed a death yak
 13597 | Lair:1   | Killed a death yak
 13625 | Lair:1   | Killed a death yak
 13824 | Lair:2   | Noticed a four-headed hydra
 13865 | Lair:2   | Noticed Amaemon
 14181 | Lair:2   | Reached skill level 9 in Shields
 14351 | Lair:1   | Killed a four-headed hydra
 14657 | Lair:2   | Noticed an eight-headed hydra
 14699 | Lair:2   | Paralysed by Amaemon for 2 turns
 14704 | Lair:2   | Slain by an eight-headed hydra

Illustrated notes

Levels and vault maps discovered:
D:1:      dpeg_arrival_erosion, layout_basic, minmay_split_cup_small
D:2:      minmay_skewed_foursquare, layout_loops_ring, uniq_jessica
D:3:      cheibrodos_pilgrimage, layout_rooms, jmf_multi_god_temple2,
          serial_rivers, chequers_serial_rivers_micro_a,
          chequers_serial_rivers_small_3, chequers_serial_rivers_large_b,
          chequers_serial_rivers_micro_a, chequers_serial_rivers_micro_d
D:4:      kennysheep_big_flooded_room, layout_basic,
          nicolae_dithmenos_through_a_glass_darkly, overflow_temple_1_default
D:5:      layout_loops_ring, grunt_gozag_statues,
          nicolae_overflow_hallway_of_the_gods, trog_three_pillars_becter,
          temple_green, grunt_ministairs_15, corexii_mini_fake_secret_closet,
          nicolae_shop_self_help
D:6:      layout_gridville, general_overflow_altar, nicolae_uskayaw_dance_hall,
          hex_medium
D:7:      layout_cave_pods, nemelex_xobeh_ov_fountains_minmay,
          minmay_shop_grid_forest, corner_web_ring
D:8:      layout_layer_cave
D:9:      layout_loops_ring
D:10:     layout_stronghold, enter_bailey_5
D:11:     layout_long_grid, erik_lair_dragon
D:12:     layout_basic, erik_orc_4, kennysheep_okawaru_gauntlet, uniq_rupert,
          uniq_sonja, uniq_azrael
Lair:1:   layout_chaotic_city, grunt_forest_large_clearing_hut,
          serial_bayou_shore_b, uniq_nergalle
Lair:2:   wander_river, layout_hall_layers, infiniplex_staircase_pool,
          uniq_amaemon

Skill      XL: |  1  2  3  4  5  6  7  8  9 10 11 12 |
---------------+-------------------------------------+-----
Shields        | 3 4 5 6 7 8 9 |  9.0
Fighting       | 3 4 5 6 7 8 |  8.2
Dodging        | 3 4 5 6 7 8 |  8.2
Throwing       | 1 2 3 4 5 6 7 8 |  8.3
Short Blades   | 1 2 3 4 |  4.2
Maces & Flails | 2 4 |  4.0
Polearms       | 1 5 6 |  6.5
Unarmed Combat | |  2.0

Action                   |  1- 3 |  4- 6 |  7- 9 | 10-12 || total
-------------------------+-------+-------+-------+-------++-------
Melee: Unarmed           |    59 |   234 |   239 |       ||   532
       Mace              |       |       |    80 |       ||    80
       Spear             |       |       |    78 |   756 ||   834
Throw: Boomerang         |       |     3 |    21 |    21 ||    45
       Dart              |       |       |    26 |   162 ||   188
       Javelin           |       |       |       |     2 ||     2
Evoke: Wand              |       |       |     1 |     3 ||     4
       Condenser vane    |       |       |       |     1 ||     1
  Use: Potion            |       |       |     1 |    12 ||    13
       Scroll            |       |       |     8 |    16 ||    24
 Stab: Sleeping          |       |     1 |       |     1 ||     2
       Distracted        |       |       |     4 |     1 ||     5
Armor: Robe              |    15 |    40 |    74 |   198 ||   327
Dodge: Dodged            |    19 |    59 |   201 |   402 ||   681
Block: Kite shield       |    16 |    72 |   187 |   517 ||   792

Table legend: (Time is in decaauts)
 A = Elapsed time spent in this place.
 B = Non-inter-level travel time spent in this place.
 C = Inter-level travel time spent in this place.
 D = Time resting spent in this place.
 E = Time spent auto-exploring this place.
 F = Levels seen in this place.
 G = Mean time per level.
                   A        B        C        D        E       F      G
               +--------+--------+--------+--------+--------+-----+--------+
         Total |  14895 |  10328 |   4567 |      0 |   5054 |  15 |  993.0 |
       Dungeon |  12199 |   8648 |   3551 |      0 |   4956 |  12 | 1016.6 |
          Lair |   2186 |   1170 |   1016 |      0 |     98 |   2 | 1093.0 |
        Bailey |    509 |    509 |      0 |      0 |      0 |   1 |  509.0 |
               +--------+--------+--------+--------+--------+-----+--------+

Top non-repeatable levels by time:
  Lair:1: 1630 daAuts
     D:8: 1567 daAuts
    D:11: 1523 daAuts
     D:7: 1497 daAuts
    D:10: 1228 daAuts
     D:5: 1090 daAuts
     D:6: 1036 daAuts
     D:9: 959 daAuts
     D:4: 952 daAuts
     D:2: 889 daAuts
     D:3: 806 daAuts
     D:1: 635 daAuts
  Lair:2: 555 daAuts
  Bailey: 509 daAuts
    D:12: 11 daAuts
